 Dungeon Crawl Stone Soup version 0.29.1-2-gbd0b4ee654 (webtiles) character file.

Game seed: 6623073590620607544

55 styxcanada the Sneak (level 3, -10/18 HPs)
             Began as a Spriggan Brigand on Nov 11, 2022.
             Killed by nerve-wracking pain
             ... invoked by Jessica
              (13 damage)
             ... on level 2 of the Dungeon on Nov 12, 2022.
             The game lasted 00:04:30 (1415 turns).

styxcanada the Sneak (Spriggan Brigand)             Turns: 1415, Time: 00:04:31

Health: -10/18     AC:  3    Str:  7    XL:     3   Next: 67%
Magic:  4/4        EV: 17    Int: 12    God:
Gold:   34         SH:  0    Dex: 18    Spells: 2/2 levels left

rFire   . . .      SeeInvis +   a - +2 dagger
rCold   . . .      Faith    .   (no shield)
rNeg    . . .      Spirit   .   b - +0 robe
rPois   .          Reflect  .   (helmet restricted)
rElec   .          Harm     .   c - +0 cloak
rCorr   .          Rampage  .   (gloves unavailable)
Will    .....                   (boots unavailable)
Stlth   ++++......              (no amulet)
HPRegen 0.06/turn               (no ring)
MPRegen 0.09/turn               (no ring)

@: very quick
A: very small, no large weapons, unfitting armour, see invisible, speed 3
a: no special abilities


You were on level 2 of the Dungeon.
You visited 1 branch of the dungeon, and saw 2 of its levels.

You collected 34 gold pieces.

Inventory:

Hand Weapons
 a - a +2 dagger (weapon)
Missiles
 d - 11 poisoned darts (quivered)
 e - 3 curare-tipped darts
 f - 11 stones
Armour
 b - a +0 robe (worn)
 c - a +0 cloak (worn)
Potions
 g - a potion of curing {unknown}
 h - a potion of mutation {unknown}
 i - 2 potions of heal wounds {unknown}
 j - a potion of degeneration {unknown}


   Skills:
 * Level 1.7 Fighting
 + Level 2.5 Short Blades
 + Level 2.1 Throwing
 * Level 2.6 Dodging
 * Level 7.1 Stealth


You had 2 spell levels left.
You didn't know any spells.
Your spell library was empty.

Dungeon Overview and Level Annotations

Branches:
Dungeon (2/15)

Altars:

Annotations:
D:2 Jessica


Innate Abilities, Weirdness & Mutations

You are very small and have problems with some larger weapons.
You are too small for most types of armour.
You have supernaturally acute eyesight. (SInv)
You cover ground extremely quickly. (Speed+++)


Message History

A ball python comes into view.
The bat completely misses you. Jessica casts a spell at you.
Pain shoots through your body!
Ouch! That really hurt!
* * * LOW HITPOINT WARNING * * *
The ball python moves out of view.
You hit the bat but do no damage. The bat closely misses you.
You hit the bat.
The bat is severely wounded.
The bat barely misses you. The bat attacks as you move away!
The bat hits you but does no damage.
You hit the bat but do no damage.
The bat is severely wounded.
The bat misses you.
Jessica mumbles some strange words.
Jessica blinks!
The bat barely misses you.
You closely miss the bat.
The bat is severely wounded.
The bat hits you.
* * * LOW HITPOINT WARNING * * *
Jessica casts a spell.
Jessica seems to speed up.
A bat comes into view.
The bat completely misses you.
You hit the bat.
You kill the bat!
Found a stone staircase leading up.
Throw: 12 darts (poison)
Press: ? - help, Q - select action, (/) - cycle Shift-Dir - straight line, f - Jessica
Aim: Jessica, wielding a +0 dagger and wearing a +0 robe (fast, 62% to hit)
You throw a poisoned dart. The poisoned dart hits Jessica.
Jessica is poisoned.
Jessica closely misses you.
Unknown command.
The bat misses you.
A quokka comes into view.
Jessica points at you and mumbles some strange words.
Pain shoots through your body!
Ouch! That really hurt!
You die...

.^.###..#.##.#### ##.#.#
.# #.#.# # #.#.# .r ###
#.#.# .###.. #.#.# ....
#...# #..# #g
##..######..#
#.####..##...@.## #
#...##.....###..##
.......#...### ##..## ...
#....†.### ##@<# #..
...###......######.#....#
..........#.##.(.....#
#..###...[##.#..#####.....
...............## #####
#.....###.....##


You could see Jessica (fast, poisoned).

Vanquished Creatures
  An adder (D:2)
  3 ball pythons (D:1)
  3 endoplasms (D:1)
  A giant cockroach (D:1)
  6 goblins (D:1)
  4 hobgoblins (D:1)
  4 jackals (D:1)
  A quokka (D:1)
  8 bats
  A frilled lizard (D:1)
  3 kobolds (D:1)
  5 rats (D:1)
40 creatures vanquished.

Notes
Turn   | Place    | Note
-------+----------+-------------------------------------------
     0 | D:1      | styxcanada the Spriggan Brigand began the quest for the
                  | Orb.
     0 | D:1      | Reached XP level 1. HP: 10/10 MP: 2/2
    88 | D:1      | Reached skill level 6 in Stealth
   221 | D:1      | Reached XP level 2. HP: 14/14 MP: 3/3
   262 | D:1      | Found a faded altar of an unknown god.
   594 | D:1      | Reached XP level 3. HP: 18/18 MP: 4/4
  1379 | D:2      | Noticed Jessica
  1387 | D:2      | Reached skill level 7 in Stealth
  1415 | D:2      | Killed from afar by Jessica

Illustrated notes

Levels and vault maps discovered:
D:1:      dpeg_arrival_subterranean_lakeside_camping, layout_basic,
          shapermc_ecumenical_altar_pompeii,
          nicolae_concentric_dashed_squares_wild
D:2:      layout_rooms, uniq_jessica

Skill      XL: |  1  2  3 |
---------------+----------+-----
Stealth        | 6 7 |  7.1
Dodging        | 2 |  2.6
Fighting       | |  1.7
Short Blades   | |  2.5
Throwing       | |  2.1

Action                   || total
-------------------------++-------
Melee: Dagger            ||    98
       Punch             ||     2
Throw: Dart              ||    12
 Stab: Sleeping          ||    16
Armor: Robe              ||    14
Dodge: Dodged            ||    64
